Map: Astillero orbital

Players

xXkazperXx - Winner!

  • Race: Zerg Zerg
  • League: Bronze

RANURA DE IA (Muy fácil)

  • Race: Terran Terran

VOD

Have the link to the VOD?

Description

Time

  • Played on: April 2, 2016, 11:56 p.m.
  • Length: 4:47
Show
View Real Time Build Order
Export as new Build Order

xXkazperXx Zerg - Winner!

Build Orders: Pool First 

Get SALT Encoding   

  12  0:01  Drone  
  13  0:09  Drone  
  14  0:18  Overlord  
  14  0:38  Spawning Pool  
  14  0:40  Drone  
  14  0:41  Drone  
  15  0:49  Extractor  
  14  0:52  Drone x2  
  16  1:23  Extractor  
  16  1:25  Queen  
  15  1:26  Zergling x6  
  20  1:38  Drone  
  21  1:49  Drone  
  21  1:53  Metabolic Boost  
  22  2:11  Hatchery  
  21  2:16  Zergling x2  
  21  2:20  Overlord  
  20  2:52  Zergling x8  
  20  2:53  Zergling x2  
  24  3:04  Evolution Chamber  
  23  3:07  Drone  
  24  3:25  Drone  
  24  3:26  Overlord  
  25  3:27  Zergling x4  
  27  3:43  Drone  
Show
View Real Time Build Order
Export as new Build Order

RANURA DE IA (Muy fácil) Terran 

Build Orders:  

Get SALT Encoding   

  12  0:00  SCV  
  13  0:13  SCV  
  14  0:19  Supply Depot  
  14  0:50  Command Center  
  14  0:57  Refinery  
  14  1:11  Barracks  
  14  1:16  Refinery  
  14  1:28  Supply Depot  
  14  2:02  Factory  
  14  2:06  Orbital Command  
  14  2:12  SCV  
  15  2:24  SCV  
  16  2:39  SCV  
  15  2:48  SCV  
  12  2:55  SCV  
  12  2:58  Starport  
  12  3:02  SCV  
  13  3:10  SCV  
  14  3:22  SCV  
  15  3:34  SCV  
  15  3:37  Starport Tech Lab  
  16  3:47  SCV  
  17  3:50  Marine  
  17  3:54  SCV  
  19  4:02  SCV  
  13  4:09  SCV  
  8  4:16  SCV  
  8  4:19  Hellion  
  8  4:23  SCV  
  9  4:35  SCV  
Tags
 
Add a new tag
Caveats
  • Supply blocks, unpowered buildings, or Contaminate may cause inaccurate times.
  • Supply counts are checked every 10 seconds.